Map: Battle on the Boardwalk LE

Players

SHAH

  • Race: Zerg Zerg
  • League: Master
  • Spawn Location: 1:00

Blamezerg - Winner!

  • Race: Zerg Zerg
  • Spawn Location: 11:00

VOD

Have the link to the VOD?

Description

Time

  • Played on: Nov. 22, 2017, 2:17 a.m.
  • Length: 12:20
Show
View Real Time Build Order
Export as new Build Order

SHAH Zerg 

Build Orders: Hatch First 

Get SALT Encoding   

  12  0:01  Drone  
  13  0:11  Drone  
  14  0:17  Overlord  
  15  0:35  Drone x3  
  17  0:54  Hatchery  
  16  0:57  Drone  
  16  1:00  Extractor  
  16  1:02  Drone  
  17  1:20  Drone  
  17  1:21  Spawning Pool  
  17  1:24  Drone  
  18  1:31  Drone  
  19  1:43  Overlord  
  20  2:09  Zergling x4, Queen  
  20  2:12  Zergling x2  
  20  2:14  Metabolic Boost  
  24  2:18  Spine Crawler  
  23  2:23  Baneling Nest, Zergling x2  
  22  2:43  Zergling x2  
  19  2:50  Zergling x2  
  19  2:58  Zergling x2  
  19  3:07  Hatchery  
  19  3:08  Baneling x2  
  19  3:09  Zergling x2  
  19  3:17  Drone  
  20  3:24  Drone x3  
  23  3:31  Drone  
  24  3:43  Drone  
  24  3:46  Queen  
  27  3:52  Overlord  
  27  4:07  Drone x2  
  29  4:15  Drone  
  30  4:22  Drone x4  
  30  4:23  Drone  
  35  4:36  Drone  
  36  4:42  Overlord  
  36  4:47  Roach Warren  
  35  4:58  Zergling x2  
  35  4:59  Zergling x10  
  41  5:05  Zergling x8  
  45  5:15  Overlord  
  45  5:16  Overlord  
  45  5:20  Lair  
  45  5:32  Roach x3  
  45  5:35  Drone x2, Extractor  
  53  5:36  Roach x2  
  56  6:03  Roach x3  
  62  6:05  Overlord x3  
  62  6:12  Extractor  
  61  6:28  Glial Reconstitution  
  61  6:29  Drone x2  
  61  6:30  Drone x3, Overlord  
  66  6:33  Drone x3  
  66  6:39  Drone x3  
  72  6:48  Drone  
  72  6:49  Overlord  
  72  6:50  Unknown  
  73  6:59  Drone, Overlord  
  74  7:07  Roach x2  
  74  7:08  Roach x2  
  82  7:12  Roach x2  
  82  7:13  Roach  
  87  7:16  Roach  
  89  7:23  Roach x2  
  89  7:27  Ravager x3  
  96  7:30  Roach  
  98  7:46  Roach x2  
  98  7:47  Roach x2, Overlord x2  
  106  8:04  Overlord x2  
  105  8:18  Roach  
  105  8:19  Roach x6  
  115  8:28  Roach x2  
  119  8:35  Overlord  
  119  8:37  Hatchery  
  115  8:52  Roach  
  115  8:53  Roach x6  
  114  9:23  Roach  
  114  9:24  Roach x4  
  84  9:38  Roach x4  
  84  9:39  Roach x2  
  84  9:45  Extractor, Hydralisk Den  
  93  9:48  Roach  
  94  10:00  Ravager  
  95  10:10  Drone x6  
  101  10:21  Roach  
  101  10:22  Roach x7  
  101  10:27  Muscular Augments  
  117  10:30  Hydralisk x2  
  121  10:36  Hydralisk x3  
  121  10:40  Hydralisk  
  118  11:06  Roach x5  
  118  11:07  Roach x2  
  132  11:13  Overseer  
  132  11:27  Hydralisk x5  
  142  11:34  Hydralisk  
  144  11:45  Overlord x2  
  144  11:46  Overlord  
Show
View Real Time Build Order
Export as new Build Order

Blamezerg Zerg - Winner!

Build Orders: Pool First 

Get SALT Encoding   

  12  0:19  Spawning Pool  
  11  0:22  Drone  
  11  0:27  Drone  
  13  0:31  Drone  
  14  0:42  Overlord  
  14  1:06  Zergling x6  
  17  1:17  Zergling x2  
  18  1:28  Zergling x2  
  18  1:31  Hatchery  
  18  1:33  Queen  
  18  1:39  Zergling x2  
  21  1:49  Overlord  
  21  2:02  Drone  
  22  2:15  Drone, Queen  
  25  2:30  Drone  
  23  2:58  Queen x2  
  20  3:00  Drone  
  20  3:01  Drone x3  
  28  3:06  Overlord  
  28  3:13  Zergling x2  
  28  3:16  Drone x3  
  32  3:25  Evolution Chamber  
  31  3:27  Evolution Chamber  
  31  3:29  Drone  
  31  3:30  Drone x2  
  33  3:37  Queen  
  35  3:46  Drone  
  35  3:47  Spine Crawler, Drone x2  
  37  3:50  Extractor  
  37  3:51  Extractor  
  37  3:52  Drone  
  37  3:53  Drone  
  37  4:14  Overlord  
  37  4:18  Drone  
  37  4:19  Drone x6  
  37  4:21  Overlord  
  44  4:39  Extractor  
  44  4:41  Drone x4  
  44  4:42  Lair  
  47  4:48  Drone  
  47  4:49  Drone x4, Roach Warren  
  51  4:54  Extractor  
  51  4:57  Drone  
  51  5:02  Drone  
  52  5:07  Zerg Missile Weapons Level 1  
  52  5:08  Overlord  
  52  5:11  Drone x2  
  54  5:15  Drone x2  
  56  5:22  Overlord x3  
  56  5:35  Roach  
  58  5:36  Roach x4  
  66  5:44  Roach  
  66  5:45  Roach  
  70  5:53  Roach  
  70  5:54  Roach x3  
  70  5:55  Glial Reconstitution  
  78  5:58  Hatchery  
  77  6:06  Roach  
  77  6:07  Roach x2  
  83  6:13  Overseer  
  83  6:17  Roach  
  83  6:18  Roach x3  
  91  6:27  Overlord  
  91  6:28  Overlord x2  
  91  6:39  Evolution Chamber  
  90  6:48  Roach x9  
  108  6:59  Hatchery  
  107  7:04  Drone x2  
  107  7:06  Zerg Missile Weapons Level 2, Zerg Ground Armor Level 1  
  109  7:11  Queen  
  109  7:14  Drone x3  
  114  7:21  Roach  
  114  7:22  Roach x2  
  120  7:23  Roach  
  120  7:26  Overlord  
  122  7:33  Overlord  
  122  7:43  Overlord x2  
  122  7:51  Ravager x4  
  122  8:18  Drone x3  
  122  8:19  Drone x14  
  129  8:25  Overlord x2  
  129  8:43  Roach x3, Extractor  
  129  8:44  Roach x6, Extractor  
  143  9:06  Roach  
  143  9:07  Roach x12  
  142  9:27  Roach x7  
  148  9:51  Hatchery  
  147  9:56  Roach  
  147  9:57  Roach x9  
  147  9:58  Hydralisk Den  
  166  10:15  Overlord x2  
  166  10:16  Overlord x7  
  166  10:17  Overlord  
  166  10:37  Roach x10  
  172  10:57  Muscular Augments  
  172  10:59  Tunneling Claws  
  172  11:01  Burrow  
  172  11:07  Roach x7  
  172  11:08  Roach x4  
  192  11:22  Hydralisk x4  
  200  11:28  Lurker Den  
  200  11:30  Ravager  
  200  11:33  Overseer  
  200  11:34  Pneumatized Carapace  
  200  12:04  Evolution Chamber  
  200  12:05  Evolution Chamber  
Tags
 
Add a new tag
Caveats
  • Supply blocks, unpowered buildings, or Contaminate may cause inaccurate times.
  • Supply counts are checked every 10 seconds.